 Dungeon Crawl Stone Soup version 0.30-a0-29-g142975f185 (webtiles) character file.

Game seed: 2253085333215184303

33347 Charly the Grappler (level 13, -1/109 HPs)
             Began as a Demonspawn Cinder Acolyte on Aug 25, 2022.
             Was an Elder of Ignis.
             Slain by a purple ugly thing (16 damage)
             ... on level 5 of the Lair of Beasts.
             The game lasted 01:17:22 (22136 turns).

Charly the Grappler (Demonspawn Cinder Acolyte)    Turns: 22136, Time: 01:17:23

Health: -1/109     AC: 15    Str: 15    XL:     13   Next: 36%
Magic:  22/26      EV: 31    Int: 27    God:    Ignis [****..]
Gold:   341        SH:  0    Dex:  8    Spells: 11/30 levels left

rFire   + + +      SeeInvis .      - Unarmed
rCold   . . .      Faith    .    (shield currently unavailable)
rNeg    . . .      Spirit   .    N - +2 robe {rC+ rF+}
rPois   .          Reflect  .    j - +1 hat {Will+}
rElec   .          Harm     .    a - +2 cloak {Will+}
rCorr   .          Rampage  .    (gloves currently unavailable)
Will    ++...                    (no boots)
Stlth   ++........               V - amulet of the acrobat
HPRegen 0.00/turn                I - +6 ring of intelligence
MPRegen 0.20/turn                X - ring of fire

@: agile, about to teleport, blade hands, acrobatic, sick, fiery-armoured
A: claws 2, horns 2, icemail 1, powered by pain 1, condensation shield, weakness
stinger 2
a: End Transformation, Renounce Religion, Fiery Armour, Foxfire Swarm, Rising
Flame


You were on level 5 of the Lair of Beasts.
You worshipped Ignis.
Ignis was greatly pleased with you.
You had blades for hands.
You visited 3 branches of the dungeon, and saw 16 of its levels.
You also visited: Ossuary.

You collected 1051 gold pieces.
You spent 710 gold pieces at shops.

Inventory:

Hand Weapons
 b - a +1 sling of chaos
Missiles
 l - 4 throwing nets
 v - 2 curare-tipped darts
Armour
 a - a +2 cloak of willpower (worn)
 j - a +1 hat of willpower (worn)
 K - +0 steam dragon scales
 N - a +2 robe of resistance (worn)
 P - a +2 pair of gloves (melded)
Jewellery
 f - a ring of protection from fire
 w - a ring of magical power
 C - a ring of resist corrosion
 I - a +6 ring of intelligence (left blade hand)
 V - an amulet of the acrobat (around neck)
 X - a ring of fire (right blade hand)
Wands
 h - a wand of mindburst (29)
 o - a wand of flame (14)
 y - a wand of paralysis (11)
 D - a wand of digging (4)
 F - a wand of polymorph (6)
 H - a wand of roots (13)
 S - a wand of quicksilver (7)
Scrolls
 c - 2 scrolls of fear
 d - 4 scrolls of magic mapping
 g - 4 scrolls of torment
 i - 15 scrolls of teleportation
 p - 4 scrolls of fog
 q - a scroll of amnesia
 u - 3 scrolls of summoning
 x - 2 scrolls of poison
 A - 4 scrolls of immolation
 G - 3 scrolls of blinking
 R - 3 scrolls of vulnerability
 U - a scroll of identify
Potions
 e - 4 potions of lignification
 k - 6 potions of might
 m - 6 potions of flight
 n - 6 potions of brilliance
 r - a potion of cancellation
 s - 2 potions of berserk rage
 t - 4 potions of mutation
 z - 10 potions of curing
 B - 3 potions of heal wounds
 E - 2 potions of resistance
 J - a potion of attraction
 L - 4 potions of haste
 M - a potion of invisibility
 T - a potion of ambrosia
 W - 2 potions of magic
Miscellaneous
 O - a lightning rod (4/4)
 Q - a box of beasts (inert)
 Y - a phial of floods


   Skills:
 - Level 12.4 Fighting
 - Level 2.7 Long Blades
 - Level 2.0 Stealth
 + Level 14.1 Unarmed Combat
 - Level 9.0 Spellcasting
 - Level 4.0 Hexes
 - Level 7.0 Transmutations
 - Level 5.0 Fire Magic
 - Level 3.5 Ice Magic
 - Level 5.0 Evocations


You had 11 spell levels left.
You knew the following spells:

 Your Spells              Type           Power      Damage    Failure   Level
h - Blade Hands           Tmut           24%        N/A       41%         5
i - Inner Flame           Hex/Fire       53%        N/A       22%         3
t - Tukima's Dance        Hex            33%        N/A       24%         3
w - Wereblood             Tmut           49%        N/A       11%         2
z - Scorch                Fire           100%       2d10      14%         2
I - Ice Form              Ice/Tmut       40%        N/A       34%         4

Your spell library contained the following spells:

 Spells                   Type           Power      Damage    Failure   Level
 Sting                    Tmut/Pois      100%       1d8       16%         1
 Apportation              Tloc           24%        N/A       32%         1
 Dazzling Flash           Conj/Hex       44%        N/A       36%         3
 Portal Projectile        Hex/Tloc       44%        N/A       36%         3
 Poisonous Vapours        Pois/Air       24%        N/A       38%         2
 Sublimation of Blood     Necr           12%        N/A       38%         2
 Cause Fear               Hex            16%        N/A       43%         4
 Fulminant Prism          Conj/Hex       11%        3d9       63%         4
 Hailstorm                Conj/Ice       21%        3d6       65%         4
 Alistair's Intoxication  Tmut/Pois      20%        N/A       73%         5
 Iskenderun's Mystic Bla  Conj/Tloc      12%        2d5       83%         4
 Olgreb's Toxic Radiance  Pois           12%        N/A       83%         4
 Silence                  Hex/Air        11%        N/A       87%         5
 Agony                    Necr           12%        N/A       98%         5
 Lee's Rapid Deconstruct  Erth           6%         3d7*      98%         5
 Simulacrum               Ice/Necr       10%        N/A       100%        6
 Summon Hydra             Summ           6%         N/A       100%        7
 Discord                  Hex            16%        N/A       100%        8


Dungeon Overview and Level Annotations

Branches:
Dungeon (10/15)            Temple (1/1) D:5            Lair (5/5) D:8
 Shoals (0/4) Lair:2       Spider (0/4) Lair:3        Slime (0/5) Lair:5
    Orc (0/2) D:10        Ossuary (visited)

Altars:
Ashenzari
Cheibriados
Dithmenos
Fedhas
Gozag
Hepliaklqana
Kikubaaqudgha
Makhleb
Nemelex Xobeh
Okawaru
Qazlal
Ru
Sif Muna
Trog
Uskayaw
Vehumet
Wu Jian
Xom
Yredelemnul
Jiyva

Shops:
D:2 !   D:5 **(   D:10 *


Innate Abilities, Weirdness & Mutations

You have blades for hands.
Your spellcasting is less reliable in this form.
You are incapable of wielding weapons or throwing items.
You have very sharp fingernails.
You have a pair of horns on your head.
A meltable icy envelope protects you from harm. (AC +0)
You sometimes gain a little power by taking damage.
A meltable shield of frost defends you. (SH +0)
You have a tail ending in a sharp stinger.


Message History

You focus on the pain.
You feel more agile all of a sudden.
You feel much better.
The thrashing horror roars!
The purple ugly thing stings you!
* * * LOW HITPOINT WARNING * * *
The purple ugly thing is burned by your cloak of flames.
The purple ugly thing is moderately wounded.
As you read the scroll of teleportation, it crumbles to dust.
You feel strangely unstable.
The thrashing horror is engulfed in blazing flames.
The purple ugly thing completely misses you.
The thrashing horror is engulfed in blazing flames.
The thrashing horror tramples you.
* * * LOW HITPOINT WARNING * * *
You hold your ground!
The thrashing horror tramples you but does no damage.
The thrashing horror resists.
The thrashing horror is burned by your cloak of flames.
The thrashing horror is lightly damaged.
The chaos spawn is engulfed in blazing flames.
The thrashing horror is engulfed in blazing flames.
The thrashing horror tramples you.
* * * LOW HITPOINT WARNING * * *
You hold your ground!
The thrashing horror tramples you but does no damage.
The thrashing horror resists.
The thrashing horror is burned by your cloak of flames.
The thrashing horror is moderately damaged.
The thrashing horror is engulfed in blazing flames.
The purple ugly thing stings you but does no damage.
The purple ugly thing is burned by your cloak of flames.
The purple ugly thing is heavily wounded.
The chaos spawn is engulfed in a forest fire.
The thrashing horror is engulfed in blazing flames.
The chaos spawn attacks as you move away!
The chaos spawn completely misses you.
The thrashing horror is engulfed in blazing flames.
The purple ugly thing stings you!
You die...

.......♣♣ .......♣ ♣♣4
.......♣ ♣♣[. .......♣♣♣
♣♣♣♣♣..♣ .......♣♣.♣
♣§♣§○.♣
......♣♣♣..♣♣♣§§○§○♣♣♣♣
........♣♣...§§X4○○..(♣♣
........♣♣♣..§○§.u§....♣
.........♣♣♣..♣♣@°°°.♣..
......♣♣♣♣♣..♣♣♣♣♣.♣♣♣
÷.÷..♣........♣ ♣♣
.................♣
#.......♣♣♣♣..♣♣..÷
##♣♣♣♣♣♣♣ ♣♣♣♣ ♣♣ #


You could see a purple ugly thing, a thrashing horror and a chaos spawn.

Vanquished Creatures
  Gastronok (Lair:2)
  A catoblepas (Lair:2)
  A boulder beetle (Lair:5)
  A hydra (Lair:5)
  2 two-headed ogres (D:10)
  A large abomination (Lair:5)
  A lindwurm (Lair:5)
  An ugly thing (Lair:5)
  An oklob plant (Lair:4)
  6 elephants (Lair:1)
  A black mamba (Lair:5)
  2 merfolk sirens (Lair:2)
  Maurice (D:8)
  An unseen horror (D:8)
  6 cane toads
  2 kobold demonologists (D:10)
  An ancient zyme (Lair:5)
  5 komodo dragons
  A meliai (shapeshifter) (Lair:5)
  A polar bear (Lair:5)
  Grinder (D:3)
  2 merfolk (Lair:2)
  Prince Ribbit (D:8)
  29 blink frogs
  A shadow (D:10)
  A vampire (D:10)
  A ynoxinul (Lair:5)
  3 wraiths
  25 yaks
  5 basilisks
  Grum (D:9)
  2 chaos spawn (Lair:5)
  A steam dragon (D:7)
  2 redbacks (Lair:3)
  An acid dragon (D:9)
  8 water moccasins
  2 black bears
  A sky beast (D:7)
  An orc warrior (D:8)
  An ice beast (D:6)
  12 wolves
  2 centaurs
  2 ogres
  3 phantoms
  5 kobold brigands
  2 necrophages
  11 bullfrogs
  3 scorpions
  22 wights
  2 howler monkeys (D:7)
  A jelly (D:6)
  3 hounds
  2 gnoll boudas
  4 orc priests
  Jessica (D:3)
  Ijyb (D:3)
  Natasha (thrice) (D:3)
  3 iguanas
  5 orc wizards
  4 hell rats (Lair:5)
  15 small abominations (Lair:5)
  13 gnolls
  9 adders
  2 shadow imps
  3 white imps
  3 ufetubi
  A worm (D:3)
  2 dart slugs
  22 orcs
  4 endoplasms
  2 giant cockroaches
  2 goblins
  3 hobgoblins
  2 jackals (D:4)
  2 quokkas
  7 ball pythons
  A ball python skeleton (Ossuary)
  3 bats
  A frilled lizard (D:1)
  2 goblin zombies (D:7)
  2 hobgoblin skeletons (Ossuary)
  2 hobgoblin zombies (Ossuary)
  23 kobolds
  2 orc skeletons (Ossuary)
  2 orc zombies (Ossuary)
  5 rats
  A bush (Lair:1)
  A fire vortex (Lair:3)
354 creatures vanquished.

Vanquished Creatures (others)
  12 fungi
  30 plants
42 creatures vanquished.

Grand Total: 396 creatures vanquished

Notes
Turn   | Place    | Note
-------+----------+-------------------------------------------
     0 | D:1      | Charly the Demonspawn Cinder Acolyte began the quest for
                  | the Orb.
     0 | D:1      | Reached XP level 1. HP: 18/18 MP: 2/2
   315 | D:1      | Reached skill level 1 in Stealth
   580 | D:1      | Discovered your monstrous ancestry.
   580 | D:1      | Gained mutation: You have a pair of small horns on your
                  | head. [demonic ancestry]
   580 | D:1      | Reached XP level 2. HP: 24/24 MP: 3/3
   842 | D:1      | Learned a level 2 spell: Scorch
  1662 | D:2      | Gained mutation: You have a pair of horns on your head.
                  | [demonic ancestry]
  1662 | D:2      | Reached XP level 3. HP: 17/29 MP: 1/4
  2017 | D:2      | Found Zila's Distillery.
  2048 | D:2      | Bought a potion of berserk rage for 55 gold pieces
  2048 | D:2      | Bought a potion of lignification for 33 gold pieces
  3123 | D:3      | Noticed a phantom
  3159 | D:3      | Killed a phantom
  3160 | D:3      | Gained mutation: You have a small tail. [demonic ancestry]
  3160 | D:3      | Reached XP level 4. HP: 18/37 MP: 7/7
  3363 | D:3      | Gained mutation: You have a tail ending in a sharp stinger.
                  | [demonic ancestry]
  3363 | D:3      | Reached XP level 5. HP: 40/42 MP: 8/8
  3402 | D:3      | Noticed Ijyb
  3473 | D:3      | Noticed Grinder
  3484 | D:3      | Noticed Jessica
  3496 | D:3      | Killed Jessica
  3517 | D:3      | Paralysed by Grinder for 3 turns
  3520 | D:3      | Killed Grinder
  3521 | D:3      | Reached XP level 6. HP: 43/52 MP: 7/9
  3735 | D:3      | Killed Ijyb
  3976 | D:3      | Noticed Natasha
  3979 | D:3      | Killed Natasha
  4078 | D:3      | Noticed Natasha
  4085 | D:3      | Killed Natasha
  4086 | D:3      | Reached skill level 1 in Evocations
  4393 | D:4      | Found a bloodstained altar of Trog.
  4919 | D:4      | Found an iron altar of Okawaru.
  5099 | D:4      | Reached XP level 7. HP: 59/59 MP: 10/10
  6145 | D:3      | Noticed Natasha
  6149 | D:3      | Killed Natasha
  6202 | D:2      | Bought a potion of heal wounds for 55 gold pieces
  6267 | D:5      | Entered Level 5 of the Dungeon
  6291 | D:5      | Found a staircase to the Ecumenical Temple.
  6435 | Temple   | Entered the Ecumenical Temple
  6655 | D:5      | Gained mutation: A meltable shield of frost defends you.
                  | (SH +0) [demonic ancestry]
  6655 | D:5      | Reached XP level 8. HP: 68/68 MP: 11/11
  6923 | D:5      | Reached skill level 5 in Evocations
  7022 | D:5      | Found Affyusos's Assorted Antiques.
  7029 | D:5      | Bought a scroll labelled NEXKEFUYLUG for 26 gold pieces
  7029 | D:5      | Found Kuanu Wol's Weapon Shop.
  7047 | D:5      | Bought a scroll labelled XUTUGIDUI for 26 gold pieces
  7086 | D:5      | Reached skill level 2 in Unarmed Combat
  7088 | D:5      | Reached skill level 3 in Unarmed Combat
  7214 | D:5      | Found Soett's Assorted Antiques.
  7247 | D:5      | Reached skill level 4 in Unarmed Combat
  7295 | D:5      | Bought a scroll labelled NEXKEFUYLUG for 17 gold pieces
  7352 | D:5      | Bought a scroll labelled QOPOJU UGOIPN for 17 gold pieces
  7492 | D:5      | Reached skill level 5 in Unarmed Combat
  7729 | D:5      | Bought a scroll labelled ZUTHRI RUN BUIN for 17 gold pieces
  7754 | D:6      | Reached skill level 6 in Unarmed Combat
  8140 | D:6      | Reached skill level 7 in Unarmed Combat
  8281 | D:6      | Gained mutation: You sometimes gain a little power by
                  | taking damage. [demonic ancestry]
  8281 | D:6      | Reached XP level 9. HP: 56/74 MP: 10/12
  8525 | D:5      | Bought a ruby ring for 85 gold pieces
  8584 | D:7      | Reached skill level 8 in Unarmed Combat
  8737 | D:7      | Reached skill level 9 in Unarmed Combat
  9059 | D:7      | Found a shimmering altar of Xom.
  9125 | D:7      | Reached skill level 10 in Unarmed Combat
  9126 | D:7      | Found a broken altar of Ashenzari.
  9167 | D:7      | Found a sand-covered staircase.
  9174 | Ossuary  | Entered an ossuary
  9573 | Ossuary  | Reached skill level 11 in Unarmed Combat
  9850 | D:5      | Bought a smoky brown potion for 15 gold pieces
  9879 | D:5      | Bought a white potion for 23 gold pieces
 10028 | D:5      | Bought a white potion for 23 gold pieces
 10308 | D:7      | Found a radiant altar of Vehumet.
 10738 | D:8      | Learned a level 3 spell: Inner Flame
 11023 | D:7      | Reached skill level 1 in Hexes
 11257 | D:8      | Noticed Maurice
 11385 | D:8      | Noticed Prince Ribbit
 11389 | D:8      | Killed Prince Ribbit
 11390 | D:8      | Gained mutation: You have sharp fingernails. [demonic
                  | ancestry]
 11390 | D:8      | Reached XP level 10. HP: 82/82 MP: 14/14
 11565 | D:8      | Found a staircase to the Lair.
 11661 | D:8      | Killed Maurice
 12114 | D:2      | Bought a potion of haste for 110 gold pieces
 12844 | D:9      | Noticed Grum
 12857 | D:9      | Killed Grum
 13061 | D:9      | Reached skill level 5 in Fire Magic
 13377 | D:2      | Bought a potion of might for 44 gold pieces
 13377 | D:2      | Bought a potion of brilliance for 44 gold pieces
 13542 | D:10     | Entered Level 10 of the Dungeon
 13584 | D:10     | Noticed a two-headed ogre
 13589 | D:10     | Killed a two-headed ogre
 13590 | D:10     | Reached skill level 10 in Fighting
 13598 | D:10     | Found Bakega's Island Escapes.
 13608 | D:10     | Noticed a two-headed ogre
 13615 | D:10     | Killed a two-headed ogre
 13616 | D:10     | Noticed a sixfirhy
 13623 | D:10     | Reached skill level 5 in Spellcasting
 13623 | D:10     | Reached XP level 11. HP: 60/92 MP: 15/18
 13787 | D:10     | Found a staircase to the Orcish Mines.
 14652 | D:10     | Bought a scroll of blinking for 120 gold pieces
 14748 | Lair:1   | Entered Level 1 of the Lair of Beasts
 15237 | Lair:1   | Reached skill level 12 in Unarmed Combat
 15698 | D:8      | Learned a level 4 spell: Ice Form
 16010 | Lair:1   | Reached skill level 1 in Transmutations
 16012 | Lair:1   | Reached skill level 1 in Ice Magic
 16815 | Lair:2   | Noticed a catoblepas
 16821 | Lair:2   | Gained mutation: You have very sharp fingernails. [demonic
                  | ancestry]
 16821 | Lair:2   | Reached XP level 12. HP: 89/103 MP: 9/22
 16822 | Lair:2   | Killed a catoblepas
 17022 | Lair:2   | Noticed Gastronok
 17071 | Lair:2   | Killed Gastronok
 17385 | Lair:2   | Found a staircase to the Shoals.
 17723 | Lair:2   | Learned a level 2 spell: Wereblood
 18048 | Lair:3   | Reached skill level 5 in Transmutations
 18094 | Lair:3   | Found a hole to the Spider Nest.
 19853 | Lair:4   | Learned a level 3 spell: Tukima's Dance
 19859 | Lair:4   | Learned a level 5 spell: Blade Hands
 20319 | Lair:5   | Entered Level 5 of the Lair of Beasts
 20706 | Lair:5   | Gained mutation: A meltable icy envelope protects you from
                  | harm. (AC +0) [demonic ancestry]
 20706 | Lair:5   | Reached XP level 13. HP: 69/109 MP: 7/25
 21047 | Lair:5   | Reached skill level 13 in Unarmed Combat
 21159 | Lair:5   | Found a staircase to the Slime Pits.
 21159 | Lair:5   | Found a viscous altar of Jiyva.
 22128 | Lair:5   | Reached skill level 14 in Unarmed Combat
 22136 | Lair:5   | Slain by a purple ugly thing

Illustrated notes

Levels and vault maps discovered:
D:1:      dpeg_arrival_fog, layout_loops_ring
D:2:      layout_basic, serial_shops, nicolae_diamond_shop
D:3:      layout_basic, chequers_serial_rivers_large_a, uniq_grinder,
          uniq_natasha, uniq_jessica, uniq_ijyb
D:4:      layout_loops_corners, okawaru_gym_becter, trog_book,
          minmay_diced_spiral
D:5:      layout_basic, minmay_temple_entry_proselytizer, serial_demonic,
          serial_demonic_g, serial_demonic_c, serial_demonic_g,
          serial_demonic_b, serial_shops, shop, nicolae_shop_advertising_works
          [nicolae_subvault_shop_adworks], nicolae_shop_overgrown_old_shop,
          minmay_manual_moon
D:6:      layout_rooms, kennysheep_mini, lemuel_old_faithful
D:7:      layout_basic, nicolae_ashenzari_panopticon, minitemple,
          enter_ossuary_4
D:8:      layout_basic, david_lair_shrubbed, unseen_surprise_small,
          uniq_maurice, uniq_prince_ribbit1
D:9:      layout_roguey, interstate_on_off, uniq_grum
D:10:     layout_roguey, nicolae_island_escapes
Temple:   kb_temple_of_zot
Lair:1:   layout_regular_city, infiniplex_staircase_pool, grunt_megastairs_3,
          serial_bayou_shore_a
Lair:2:   layout_roguey, elwin_shoals_entry_stream, uniq_gastronok
Lair:3:   layout_gridlike, spider_nest_entry_webs, beast_lair_carwin_7
Lair:4:   layout_roguey, serial_bayou_shore_b
Lair:5:   hellmonk_lair_end_abyssal_woods, layout_cave_shapes, slime_entry_1,
          serial_bayou_pond_e

Skill      XL: |  1  2  3  4  5  6  7  8  9 10 11 12 13 |
---------------+----------------------------------------+-----
Stealth        | 1 2 |  2.0
Fire Magic     | 3 4 5 |  5.0
Spellcasting   | 2 5 7 8 9 |  9.0
Fighting       | 4 6 7 8 10 12 | 12.4
Evocations     | 2 4 5 |  5.0
Unarmed Combat | 7 11 12 14 | 14.1
Hexes          | 1 4 |  4.0
Transmutations | 3 7 |  7.0
Ice Magic      | 2 3 |  3.5
Long Blades    | |  2.7

Action                   |  1- 3 |  4- 6 |  7- 9 | 10-12 | 13-15 || total
-------------------------+-------+-------+-------+-------+-------++-------
Melee: Falchion          |    43 |       |       |       |       ||    43
       Short sword       |    16 |     6 |     4 |       |       ||    26
       Headbutt          |     4 |       |     3 |    25 |     7 ||    39
       Punch             |     2 |       |     1 |     8 |     7 ||    18
       Unarmed           |       |       |       |   112 |    45 ||   157
       Tailslap          |       |       |       |    15 |    11 ||    26
 Fire: Sling             |    29 |    34 |    87 |    28 |       ||   178
Throw: Dart              |    13 |     4 |       |       |       ||    17
 Cast: Scorch            |    15 |    44 |   246 |   203 |    35 ||   543
       Inner Flame       |       |       |     5 |    63 |    10 ||    78
       Ice Form          |       |       |       |     2 |       ||     2
       Blade Hands       |       |       |       |       |     4 ||     4
Invok: Fiery Armour      |     1 |       |     1 |     1 |     2 ||     5
 Abil: End Transformatio |       |       |       |       |     1 ||     1
Evoke: Wand              |       |     1 |     1 |     8 |     1 ||    11
       Box of beasts     |       |       |       |     1 |     1 ||     2
  Use: Scroll            |     5 |     1 |    11 |    15 |     1 ||    33
       Potion            |       |     1 |       |     3 |     1 ||     5
Armor: Scale mail        |    17 |       |       |       |       ||    17
       Robe              |     2 |     4 |    22 |    49 |    19 ||    96
       Skin              |       |     4 |       |     5 |       ||     9
Dodge: Dodged            |    41 |     7 |    72 |    74 |    27 ||   221
Block: Other             |       |       |    21 |    18 |     6 ||    45

Table legend: (Time is in decaauts)
 A = Elapsed time spent in this place.
 B = Non-inter-level travel time spent in this place.
 C = Inter-level travel time spent in this place.
 D = Time resting spent in this place.
 E = Time spent auto-exploring this place.
 F = Levels seen in this place.
 G = Mean time per level.
                   A        B        C        D        E       F      G
               +--------+--------+--------+--------+--------+-----+--------+
         Total |  22202 |  20393 |   1809 |   1987 |  14970 |  17 | 1306.0 |
       Dungeon |  14209 |  12467 |   1742 |   1510 |   8641 |  10 | 1420.9 |
        Temple |    118 |    103 |     15 |      0 |     92 |   1 |  118.0 |
          Lair |   7255 |   7203 |     52 |    477 |   5712 |   5 | 1451.0 |
       Ossuary |    618 |    618 |      0 |      0 |    524 |   1 |  618.0 |
               +--------+--------+--------+--------+--------+-----+--------+

Top non-repeatable levels by time:
     D:4: 1991 daAuts
     D:3: 1948 daAuts
  Lair:5: 1804 daAuts
     D:7: 1757 daAuts
  Lair:1: 1693 daAuts
  Lair:3: 1538 daAuts
     D:5: 1418 daAuts
     D:2: 1336 daAuts
     D:1: 1309 daAuts
     D:8: 1258 daAuts
  Lair:2: 1170 daAuts
     D:6: 1115 daAuts
    D:10: 1079 daAuts
  Lair:4: 1049 daAuts
     D:9: 993 daAuts
